Map: Prion Terraces

Players

LilDicky

  • Race: Terran Terran
  • League: Diamond

Wedge - Winner!

  • Race: Terran Terran
  • League: Platinum

VOD

http://www.twitch.tv/tumescentpie

Description

Time

  • Played on: Nov. 27, 2015, 1:51 a.m.
  • Length: 6:17
Show
View Real Time Build Order
Export as new Build Order

LilDicky Terran 

Build Orders:  

Get SALT Encoding   

  12  0:01  SCV  
  13  0:13  SCV  
  14  0:22  Supply Depot  
  14  0:25  SCV  
  15  0:39  Refinery  
  15  0:44  SCV  
  15  0:45  Barracks  
  16  0:56  SCV  
  17  1:13  Barracks  
  17  1:15  Barracks  
  17  1:18  SCV  
  18  1:36  Reaper  
  18  1:39  Orbital Command  
  19  1:47  Supply Depot  
  19  1:50  Refinery  
  19  2:00  Supply Depot  
  19  2:03  Reaper  
  19  2:06  Reaper  
  21  2:10  SCV  
  22  2:22  SCV  
  23  2:23  Reaper  
  24  2:35  Reaper  
  25  2:39  Supply Depot  
  25  2:41  Reaper  
  26  2:55  SCV, Reaper  
  28  3:01  Supply Depot  
  28  3:07  Reaper  
  28  3:13  Reaper  
  28  3:27  Reaper  
  28  3:28  SCV  
  28  3:32  Command Center  
  27  3:50  SCV  
  27  3:53  Barracks Tech Lab  
  27  3:55  Barracks Reactor  
  27  4:01  Factory  
  27  4:02  SCV  
  28  4:05  Marine  
  29  4:14  SCV  
  30  4:18  Marine  
  30  4:23  Marine  
  32  4:26  SCV  
  32  4:31  Marine  
  33  4:33  Marine  
  33  4:36  Marine  
  36  4:42  SCV, Marine  
  36  4:45  Orbital Command  
  38  4:47  Widow Mine  
  38  4:49  Marine  
  38  4:51  Starport  
  41  4:53  Marine  
  41  4:54  SCV  
  41  4:58  Marine  
  45  5:07  SCV  
  45  5:11  SCV  
  46  5:19  SCV  
  47  5:25  Orbital Command  
  47  5:27  Engineering Bay  
  47  5:32  Starport Tech Lab  
  47  5:33  Widow Mine  
  49  5:39  SCV  
  49  5:40  Marine x4  
  38  5:58  Marine x3  
Show
View Real Time Build Order
Export as new Build Order

Wedge Terran - Winner!

Build Orders:  

Get SALT Encoding   

  12  0:01  SCV  
  13  0:13  SCV  
  14  0:18  Supply Depot  
  14  0:25  Refinery  
  14  0:27  SCV  
  15  0:41  Barracks  
  15  0:44  SCV  
  16  0:57  SCV  
  17  1:09  SCV  
  18  1:14  Refinery  
  18  1:21  SCV  
  19  1:30  Marine  
  20  1:34  Orbital Command  
  20  1:43  Factory  
  20  1:46  Supply Depot  
  20  1:48  Marine  
  21  2:00  SCV  
  22  2:06  Marine  
  23  2:24  Marine  
  23  2:28  Armory  
  23  2:29  Factory Tech Lab  
  24  2:30  SCV  
  25  2:40  Supply Depot  
  25  2:42  Marine  
  26  2:45  SCV  
  27  2:59  Marine  
  28  3:07  Siege Tank  
  30  3:17  Marine  
  31  3:30  Terran Vehicle And Ship Armor Level 1  
  31  3:39  Thor  
  34  3:56  Marine  
  35  4:05  SCV  
  36  4:14  Factory, Marine  
  37  4:17  SCV  
  37  4:22  Supply Depot  
  38  4:44  Thor  
  44  5:01  SCV  
  45  5:11  Factory Tech Lab  
  45  5:13  SCV  
  46  5:34  Supply Depot  
Tags
 
Add a new tag
Caveats
  • Supply blocks, unpowered buildings, or Contaminate may cause inaccurate times.
  • Supply counts are checked every 10 seconds.